Map: NeoHumanity LE

Players

JobTodi

  • Race: Protoss Protoss
  • League: Silver
  • Spawn Location: 5:00

winzboy - Winner!

  • Race: Protoss Protoss
  • Spawn Location: 11:00

VOD

Have the link to the VOD?

Description

Time

  • Played on: May 22, 2023, 12:58 a.m.
  • Length: 9:29
Show
View Real Time Build Order
Export as new Build Order

JobTodi Protoss 

Build Orders: Forge Fast Expand (FFE) 

Get SALT Encoding   

  12  0:02  Probe  
  13  0:15  Pylon  
  13  0:19  Probe (Chrono Boost)  
  14  0:29  Probe (Chrono Boost)  
  15  0:37  Forge  
  15  0:39  Probe  
  16  1:08  Nexus  
  16  1:15  Pylon  
  16  1:26  Pylon  
  16  1:32  Gateway  
  16  1:45  Probe  
  17  2:10  Photon Cannon  
  17  2:13  Photon Cannon  
  17  2:25  Probe (Chrono Boost)  
  17  2:26  Photon Cannon  
  18  2:31  Pylon  
  18  2:35  Probe (Chrono Boost)  
  18  2:37  Cybernetics Core  
  19  2:39  Probe (Chrono Boost)  
  19  2:40  Assimilator  
  20  2:47  Assimilator  
  20  2:51  Probe  
  20  2:53  Pylon  
  21  3:03  Probe  
  21  3:05  Photon Cannon  
  22  3:12  Photon Cannon  
  22  3:15  Probe  
  23  3:25  Assimilator  
  23  3:28  Assimilator  
  23  3:31  Probe (Chrono Boost)  
  25  3:41  Probe (Chrono Boost)  
  25  3:46  Probe (Chrono Boost)  
  27  3:48  Warp Gate (Chrono Boost)  
  27  3:51  Probe (Chrono Boost)  
  27  3:53  Probe (Chrono Boost)  
  28  3:58  Probe x2 (Chrono Boost)  
  28  4:01  Gateway  
  30  4:07  Shield Battery  
  30  4:09  Probe x2  
  32  4:14  Shield Battery  
  32  4:20  Pylon  
  32  4:21  Probe  
  32  4:22  Probe  
  34  4:30  Gateway  
  34  4:32  Gateway  
  34  4:33  Probe (Chrono Boost)  
  35  4:42  Protoss Shields Level 1 (Chrono Boost)  
  35  4:44  Probe (Chrono Boost)  
  36  4:49  Probe (Chrono Boost)  
  37  4:59  Probe  
  38  5:07  Twilight Council  
  38  5:11  Pylon  
  38  5:12  Probe  
  38  5:13  Pylon  
  39  5:16  Pylon  
  39  5:24  Photon Cannon  
  39  5:28  Shield Battery  
  39  5:33  Stalker x2  
  43  5:36  Forge, Stalker  
  43  5:40  Blink (Chrono Boost)  
  45  5:44  Photon Cannon  
  45  5:47  Probe  
  46  5:58  Stalker  
  46  5:59  Probe  
  49  6:05  Robotics Facility  
  49  6:10  Dark Shrine  
  49  6:15  Stalker  
  51  6:21  Protoss Ground Weapons Level 1 (Chrono Boost)  
  51  6:32  Protoss Ground Armor Level 1 (Chrono Boost)  
  51  6:37  Stalker x2  
  51  6:39  Stalker  
  57  6:40  Stalker  
  59  6:55  Observer  
  60  7:01  Stalker  
  60  7:04  Stalker  
  60  7:06  Stalker x2  
  68  7:40  Stalker  
  68  7:41  Stalker x2  
  68  7:42  Stalker  
  76  7:47  Immortal (Chrono Boost)  
  80  8:19  Immortal  
  84  8:54  Stalker x4  
Show
View Real Time Build Order
Export as new Build Order

winzboy Protoss - Winner!

Build Orders: Archon Immortal 

Get SALT Encoding   

  12  0:02  Probe  
  13  0:25  Pylon  
  14  0:35  Probe (Chrono Boost)  
  14  0:46  Probe (Chrono Boost)  
  15  0:58  Probe  
  15  1:02  Gateway, Assimilator  
  16  1:06  Assimilator  
  16  1:10  Probe  
  17  1:22  Probe  
  18  1:35  Probe  
  19  1:47  Probe  
  20  1:53  Cybernetics Core  
  20  1:59  Probe (Chrono Boost)  
  21  2:07  Pylon  
  21  2:11  Probe (Chrono Boost)  
  22  2:16  Nexus  
  22  2:19  Probe (Chrono Boost)  
  23  2:30  Warp Gate, Stalker (Chrono Boost)  
  25  2:42  Robotics Facility  
  25  2:46  Probe  
  26  2:57  Stalker  
  26  2:58  Probe  
  29  3:10  Probe  
  30  3:22  Probe  
  31  3:31  Pylon  
  31  3:34  Probe, Pylon, Gateway  
  32  3:45  Observer  
  33  3:58  Gateway  
  33  3:59  Probe x2  
  37  4:11  Probe x2  
  37  4:17  Immortal  
  41  4:29  Probe x2  
  43  4:35  Stalker x2  
  47  4:41  Probe (Chrono Boost)  
  47  4:42  Assimilator  
  47  4:44  Probe (Chrono Boost)  
  49  4:47  Assimilator  
  50  4:53  Probe (Chrono Boost)  
  50  4:57  Probe (Chrono Boost)  
  50  4:58  Probe (Chrono Boost), Twilight Council  
  52  5:01  Gateway  
  52  5:04  Gateway  
  52  5:05  Probe  
  53  5:09  Gateway  
  53  5:10  Probe  
  53  5:13  Pylon  
  55  5:21  Probe (Chrono Boost)  
  55  5:22  Probe (Chrono Boost)  
  55  5:25  Stalker  
  55  5:28  Sentry  
  60  5:31  Probe (Chrono Boost)  
  60  5:33  Probe (Chrono Boost)  
  62  5:42  Probe  
  63  5:46  Stalker  
  63  5:47  Immortal  
  69  5:57  Probe  
  70  6:10  Pylon  
  70  6:14  Pylon  
  70  6:18  Pylon  
  70  6:23  Gateway, Forge  
  70  6:26  Templar Archives  
  70  6:29  Shield Battery  
  70  6:31  Probe, Pylon  
  71  6:54  Nexus  
  71  6:56  Protoss Ground Weapons Level 1  
  71  6:57  Pylon  
  71  7:00  Pylon  
  71  7:04  High Templar x2  
  71  7:05  High Templar x2  
  71  7:06  High Templar x2  
  83  7:10  Archon  
  83  7:11  Archon x2  
  83  7:23  Stalker  
  83  7:24  Immortal  
  83  7:25  Charge (Chrono Boost)  
  88  7:46  Zealot x2  
  88  7:47  Zealot x3  
  88  7:48  Zealot  
  100  7:55  Gateway  
  100  7:56  Gateway  
  100  7:58  Gateway  
  100  8:04  Immortal  
  104  8:10  Probe x2  
  104  8:11  Probe  
  107  8:13  Pylon  
  107  8:14  High Templar  
  107  8:15  High Templar x2, Pylon  
  107  8:18  Pylon  
  109  8:40  Stalker x2  
  109  8:41  Stalker x2  
  117  8:49  Zealot  
  117  8:50  Zealot x3  
  129  8:56  Probe  
  130  9:08  Probe, Zealot x2  
  130  9:09  Zealot x2  
  139  9:15  Pylon  
  139  9:18  High Templar x2  
  139  9:23  Archon  
Tags
 
Composition
Archon Immortal
League
Silver
Matchup
PvP
Replay Pack
Multiplayer
Spawn Locations
Cross Positions
Add a new tag
Caveats
  • Supply blocks, unpowered buildings, or Contaminate may cause inaccurate times.
  • Supply counts are checked every 10 seconds.